 Dungeon Crawl Stone Soup version 0.21.1-1-g345015f (webtiles) character file.

45611 Fang the Severer (level 14, -5/92 HPs)
             Began as a Gargoyle Berserker on June 8, 2018.
             Was an Elder of Trog.
             Slain by a spiny frog (15 damage)
             ... on level 6 of the Lair of Beasts.
             The game lasted 00:33:31 (20804 turns).

Fang the Severer (Gargoyle Berserker)              Turns: 20804, Time: 00:33:31

Health: -5/92      AC: 26    Str: 25    XL:     14   Next: 33%
Magic:  14/14      EV: 14    Int: 14    God:    Trog [****..]
Gold:   574        SH:  0    Dex: 20    Spells: 13/13 levels left

rFire    x . .     SeeInvis .   J - +8 battleaxe "Noroghuw" {drain, Fragile Str-4 Int+4 Dex+7}
rCold    . . .     Gourm    .   (shield currently unavailable)
rNeg     + . .     Faith    +   K - +1 chain mail "Earthly Heaven" {+Blink +Inv rF- Dex+4}
rPois    ∞         Spirit   .   (no helmet)
rElec    +         Reflect  .   (no cloak)
rCorr    .         Harm     .   (no gloves)
MR       ++...                  F - +2 pair of boots {Fly}
Stlth    +.........             y - amulet of faith
HPRegen  0.25/turn              o - ring of protection from magic
MPRegen  0.14/turn              z - +5 ring of strength

@: about to teleport, berserk cooldown, flying
A: big wings, negative energy resistance 1, electricity resistance, unbreathing,
petrification resistance, rot immunity, AC +10
a: Stop Flying, Berserk, Trog's Hand, Brothers in Arms, Burn Spellbooks,
Renounce Religion, Evoke Blink, Evoke Invisibility


You were on level 6 of the Lair of Beasts.
You worshipped Trog.
Trog was greatly pleased with you.
You were not hungry.

You visited 3 branches of the dungeon, and saw 17 of its levels.

You collected 918 gold pieces.
You spent 344 gold pieces at shops.

Inventory:

Hand Weapons
 r - the +2 broad axe of the Lurker {chop, rF+ Int+4}
   (You acquired it on level 1 of the Lair of Beasts)

   It inflicts extra damage upon your enemies.
   It affects your intelligence (+4).
   It protects you from fire.
 v - a +0 antimagic war axe
 w - a +3 antimagic hand axe
 C - a +1 war axe of chopping
 J - the +8 battleaxe "Noroghuw" (weapon) {drain, Fragile Str-4 Int+4 Dex+7}
   (You found it on level 2 of the Lair of Beasts)

   A truly terrible weapon, it drains the life of those it strikes.
   It affects your strength (-4).
   It affects your intelligence (+4).
   It affects your dexterity (+7).
   It will be destroyed if unequipped.
 O - the +4 executioner's axe of Bizol {drain, +Inv rF+ MR+ Int-2}
   (You acquired it on level 5 of the Lair of Beasts)

   A truly terrible weapon, it drains the life of those it strikes.
   It affects your intelligence (-2).
   It protects you from fire.
   It affects your resistance to hostile enchantments.
   It lets you turn invisible.
Missiles
 L - 9 javelins (quivered)
Armour
 F - a +2 pair of boots of flying (worn)
 K - the +1 chain mail "Earthly Heaven" (worn) {+Blink +Inv rF- Dex+4}
   (You found it on level 10 of the Dungeon)

   It affects your dexterity (+4).
   It makes you vulnerable to fire.
   It lets you turn invisible.
   It lets you blink.
Jewellery
 f - the amulet "Suliu" {Reflect rC+ MR+ Int+4 SH+2}
   (You found it on level 8 of the Dungeon)

   [amulet of reflection]

   It shields you and reflects attacks.
   It affects your intelligence (+4).
   It protects you from cold.
   It affects your resistance to hostile enchantments.
   It affects your SH (+2).
 l - an uncursed amulet of guardian spirit
 o - a ring of protection from magic (left hand)
 u - an uncursed ring of protection from fire
 y - an amulet of faith (around neck)
 z - a +5 ring of strength (right hand)
 I - an uncursed ring of fire
Wands
 d - a wand of acid (25)
 s - a wand of random effects (54)
 A - a wand of enslavement (9)
 G - a wand of flame (13)
Scrolls
 e - 2 scrolls of fog
 i - 3 scrolls of magic mapping
 j - 5 scrolls of remove curse
 k - 3 scrolls of teleportation
 q - 4 scrolls of enchant weapon
 B - a scroll of blinking
 E - a scroll of identify
 H - a scroll of fear
 M - a scroll of holy word
 N - 2 scrolls of enchant armour
Potions
 a - a potion of cancellation
 b - a potion of invisibility
 g - 5 potions of haste
 h - 6 potions of curing
 m - a potion of brilliance
 t - 5 potions of might
 x - a potion of magic
 P - a potion of lignification
Books
 p - a book of Party Tricks

   Spells                             Type                      Level
   a - Summon Butterflies             Summoning                    1
   b - Apportation                    Translocation                1
   c - Lesser Beckoning               Translocation                3
   d - Tukima's Dance                 Hexes                        3
   e - Alistair's Intoxication        Transmutation/Poison         5
   f - Invisibility                   Hexes                        6
   Trog disapproves of the use of such an item.
 D - a book of Misfortune

   Spells                             Type                      Level
   a - Confusing Touch                Hexes                        1
   b - Confuse                        Hexes                        3
   c - Gell's Gravitas                Translocation                3
   d - Petrify                        Transmutation/Earth          4
   e - Metabolic Englaciation         Hexes/Ice                    5
   f - Yara's Violent Unravelling     Hexes/Transmutation          5
   Trog disapproves of the use of such an item.
Comestibles
 c - 21 rations


   Skills:
 + Level 12.3 Fighting
 + Level 15.7 Axes
 + Level 9.2 Armour
 + Level 7.6 Dodging
 + Level 6.3 Stealth
 + Level 0.4 Evocations


You had 13 spell levels left.
You didn't know any spells.

Dungeon Overview and Level Annotations

Branches:
Dungeon (10/15)            Temple (1/1) D:7            Lair (6/6) D:10
  Swamp (0/4) Lair:2        Snake (0/4) Lair:3
  Slime: Lair:5-6       Orc: D:9-12

Altars:
Ashenzari
Cheibriados
Dithmenos
Elyvilon
Fedhas
Gozag
Hepliaklqana
Kikubaaqudgha
Makhleb
Nemelex Xobeh
Okawaru
Qazlal
Ru
Sif Muna
Trog
Uskayaw
Vehumet
Wu Jian
Xom
Yredelemnul
Zin
The Shining One
Lugonu

Shops:
D:9 [   D:10 ?


Innate Abilities, Weirdness & Mutations

You are resistant to torment.
Your stone body is resilient. (AC +10)
You are immune to poison.
Your large and strong wings let you fly indefinitely.
You resist negative energy. (rN+)
You are resistant to electric shocks. (rElec)
You can survive without breathing.
You are immune to petrification.
You are immune to rotting.


Message History

The hippogriff claws you but does no damage.
The hippogriff bites you.
* * * LOW HITPOINT WARNING * * *
The hippogriff completely misses you. The hippogriff closely misses you.
The spiny frog stings you but does no damage.
The hippogriff closely misses you.
The hippogriff pecks you but does no damage.
The hippogriff closely misses you.
As you read the scroll of teleportation, it crumbles to dust.
You feel strangely unstable. The spiny frog closely misses you.
The hippogriff bites you but does no damage.
The hippogriff pecks you but does no damage.
The hippogriff claws you but does no damage.
The hell rat barely misses you.
Unknown command.
You feel yourself speed up. The hippogriff closely misses you.
The hippogriff pecks you but does no damage.
The hippogriff completely misses you. The spiny frog stings you!
You die...

###################
...#P..#.#.#......####
......................
..
##.....##.#...P##....
.. ##...######..## ..#
#. ##..#..P###.## ..
##. #P.P.PP..#...## #.
#... ##Pr..........#
#.
##.#####r@.####....P#
### #...#..rHF##
#...### ##..
##.......## #...#
###.#. #....#...#
##...###..÷..
#.....##.#
#.#..........
##...####..#
###....###.#. #.#.÷.#
..## ##.### ####
..#†..## #.# #P.P# .
#.†..#.#.# ..# #..##
#.


You could see a hippogriff, a spiny frog and 3 hell rats.

Vanquished Creatures
  The ghost of Sharkman1231 the Fighter, a journeyman DsWn of Makhleb (D:10)
  A catoblepas (Lair:4)
  5 hydras
  An anaconda (Lair:6)
  11 death yaks
  A two-headed ogre (D:9)
  Urug (Lair:2)
  Nergalle (Lair:4)
  Pikel (D:7)
  5 elephants (Lair:5)
  3 black mambas
  A torpor snail (Lair:3)
  9 spiny frogs
  3 rime drakes
  3 komodo dragons
  5 polar bears
  Prince Ribbit (D:7)
  14 hippogriffs
  A slime creature (D:8)
  Sigmund (D:3)
  34 yaks
  7 wyverns
  11 basilisks
  A hungry ghost (D:8)
  Menkaure (D:5)
  A soldier ant (D:8)
  A naga (Lair:3)
  Duvessa (D:5)
  7 porcupines
  3 sky beasts
  9 water moccasins
  An ice beast (D:5)
  An orc warrior (D:8)
  8 necrophages
  The ghost of snha the Firebug, an amateur OgFE of Vehumet (D:4)
  2 black bears
  4 phantoms
  An eye of draining (D:4)
  9 wolves
  4 ogres
  5 centaurs
  11 crocodiles
  A big kobold (D:9)
  Blork the orc (D:5)
  11 bullfrogs
  Dowan (D:5)
  A wyvern skeleton (D:8)
  4 scorpions
  8 killer bees
  A howler monkey (D:7)
  5 electric eels
  2 jellies
  5 crimson imps
  A quasit (D:10)
  3 hounds
  A gnoll shaman (D:9)
  An orc priest (D:3)
  3 orc wizards
  Natasha (twice) (D:3)
  4 hell rats (Lair:2)
  4 iguanas
  7 worker ants
  A hound zombie (D:7)
  A hound skeleton (D:8)
  2 howler monkey zombies
  5 worker ant zombies
  4 gnolls (D:9)
  12 adders
  2 shadow imps (D:10)
  2 adder skeletons (D:5)
  5 worms
  9 leopard geckos
  17 orcs
  5 giant cockroaches
  4 goblins
  9 hobgoblins
  2 jackals (D:1)
  9 kobolds
  6 quokkas
  3 ball pythons
  7 bats
  5 frilled lizards
  3 quokka skeletons
  A quokka zombie (D:5)
  9 rats
  3 fungi
  3 plants
387 creatures vanquished.

Vanquished Creatures (collateral kills)
  5 hydras
  2 spiny frogs (Lair:5)
  2 hippogriffs (Lair:5)
  2 wyverns (Lair:5)
  3 basilisks (Lair:5)
  A yak (Lair:1)
  A porcupine (Lair:5)
  A crocodile (Lair:5)
  3 bullfrogs
  A killer bee (D:7)
  2 hell rats (Lair:6)
  2 plants (Lair:5)
25 creatures vanquished.

Vanquished Creatures (others)
  2 slaves (D:7)
  2 howler monkeys (D:7)
  2 orc wizards (D:6)
  A bush (Lair:6)
  17 fungi
  30 plants
54 creatures vanquished.

Grand Total: 466 creatures vanquished

Notes
Turn   | Place    | Note
-------+----------+-------------------------------------------
     0 | D:1      | Fang the Gargoyle Berserker began the quest for the Orb.
     0 | D:1      | Reached XP level 1. HP: 14/14 MP: 1/1
   330 | D:1      | Reached XP level 2. HP: 13/19 MP: 2/2
   933 | D:1      | Reached skill level 3 in Axes
  1122 | D:2      | Reached XP level 3. HP: 22/23 MP: 3/3
  1346 | D:2      | Found a radiant altar of Vehumet.
  1511 | D:2      | Found a sacrificial altar of Ru.
  1513 | D:2      | Found a glowing golden altar of the Shining One.
  1635 | D:2      | Reached ** piety under Trog
  1767 | D:2      | Found a burning altar of Makhleb.
  2124 | D:3      | Reached XP level 4. HP: 29/29 MP: 4/4
  2228 | D:3      | Reached skill level 1 in Stealth
  2740 | D:3      | Noticed Natasha
  2746 | D:3      | Killed Natasha
  2746 | D:3      | Reached XP level 5. HP: 33/33 MP: 5/5
  2882 | D:3      | Reached skill level 4 in Axes
  2913 | D:3      | Noticed Sigmund
  2921 | D:3      | Killed Sigmund
  2921 | D:3      | Reached XP level 6. HP: 38/38 MP: 6/6
  3210 | D:3      | Noticed Natasha
  3221 | D:3      | Killed Natasha
  3655 | D:3      | Reached *** piety under Trog
  3655 | D:3      | Reached skill level 5 in Axes
  3655 | D:3      | Reached XP level 7. HP: 30/44 MP: 3/7
  3758 | D:4      | Found a shadowy altar of Dithmenos.
  4103 | D:4      | Found a bloodstained altar of Trog.
  4119 | D:4      | Reached skill level 6 in Axes
  4166 | D:4      | Reached skill level 5 in Fighting
  4463 | D:4      | Noticed snha's ghost (amateur OgFE)
  4478 | D:4      | Killed snha's ghost
  4478 | D:4      | Reached XP level 8. HP: 28/49 MP: 1/8
  4910 | D:5      | Entered Level 5 of the Dungeon
  5145 | D:5      | Noticed Dowan
  5147 | D:5      | Noticed Duvessa
  5162 | D:5      | Killed Duvessa
  5163 | D:5      | Killed Dowan
  5305 | D:5      | Noticed Blork the orc
  5310 | D:5      | Killed Blork the orc
  5341 | D:5      | Reached skill level 7 in Axes
  5530 | D:5      | Noticed Menkaure
  5542 | D:5      | Killed Menkaure
  5672 | D:5      | HP: 2/76 [ice beast (7)]
  6080 | D:5      | Reached XP level 9. HP: 32/55 MP: 3/9
  6450 | D:6      | Found a white marble altar of Elyvilon.
  6463 | D:6      | Found a basalt altar of Yredelemnul.
  6490 | D:6      | Found an iron altar of Okawaru.
  6690 | D:6      | Reached skill level 8 in Axes
  6730 | D:6      | Found a deep blue altar of Sif Muna.
  7093 | D:6      | Reached skill level 5 in Dodging
  7934 | D:7      | Found a snail-covered altar of Cheibriados.
  8060 | D:7      | Found a staircase to the Ecumenical Temple.
  8075 | D:7      | Noticed Prince Ribbit
  8093 | D:7      | Killed Prince Ribbit
  8093 | D:7      | Reached **** piety under Trog
  8356 | D:7      | Noticed Pikel
  8374 | D:7      | Killed Pikel
  8374 | D:7      | Reached skill level 9 in Axes
  8374 | D:7      | Reached skill level 5 in Stealth
  8522 | D:7      | Reached XP level 10. HP: 49/63 MP: 3/10
  8914 | Temple   | Entered the Ecumenical Temple
  9763 | D:8      | Got a steaming bronze amulet
  9783 | D:8      | Identified the amulet "Suliu" {Reflect rC+ MR+ Int+4 SH+2} (You found it on level 8 of the Dungeon)
 10101 | D:8      | Reached skill level 10 in Axes
 10780 | D:8      | Found a stormy altar of Qazlal.
 11129 | D:8      | Found an opulent altar of Gozag.
 11637 | D:9      | Found Ole Lopn's Armour Shop.
 11651 | D:9      | Bought a +2 pair of boots of flying for 344 gold pieces
 11764 | D:9      | Found a shimmering altar of Xom.
 11779 | D:9      | Noticed a two-headed ogre
 11791 | D:9      | Killed a two-headed ogre
 11791 | D:9      | Reached XP level 11. HP: 42/69 MP: 11/11
 12132 | D:9      | Reached skill level 11 in Axes
 12150 | D:9      | Found a blossoming altar of Fedhas.
 12273 | D:9      | Found a deep blue altar of Sif Muna.
 12341 | D:10     | Entered Level 10 of the Dungeon
 12353 | D:10     | Got a bronze chain mail
 12364 | D:10     | Identified the +1 chain mail "Earthly Heaven" {+Blink +Inv rF- Dex+4} (You found it on level 10 of the Dungeon)
 12700 | D:10     | Found a staircase to the Lair.
 12721 | D:10     | Noticed Sharkman1231's ghost (journeyman DsWn)
 12741 | D:10     | Killed Sharkman1231's ghost
 12939 | D:10     | Found Hiugosh's Magic Scroll Shoppe.
 13616 | Lair:1   | Entered Level 1 of the Lair of Beasts
 13738 | Lair:1   | Identified a scroll of acquirement
 13741 | Lair:1   | Got a polished broad axe
 13742 | Lair:1   | Identified the +2 broad axe of the Lurker {chop, rF+ Int+4} (You acquired it on level 1 of the Lair of Beasts)
 13838 | Lair:1   | Noticed a four-headed hydra
 13860 | Lair:1   | Killed a six-headed hydra
 13860 | Lair:1   | Reached skill level 12 in Axes
 14070 | Lair:1   | Reached XP level 12. HP: 50/77 MP: 12/12
 14275 | Lair:1   | Reached skill level 10 in Fighting
 15153 | Lair:2   | Reached skill level 5 in Armour
 15351 | Lair:2   | Got a brightly glowing battleaxe
 15352 | Lair:2   | Identified the +8 battleaxe "Noroghuw" {drain, Fragile Str-4 Int+4 Dex+7} (You found it on level 2 of the Lair of Beasts)
 15360 | Lair:2   | Noticed an eight-headed hydra
 15462 | Lair:1   | Killed an eight-headed hydra
 15462 | Lair:1   | Reached skill level 13 in Axes
 15768 | Lair:2   | Found a staircase to the Swamp.
 15809 | Lair:2   | Noticed Urug
 15823 | Lair:2   | Killed Urug
 16635 | Lair:3   | Noticed a death yak
 16637 | Lair:3   | Noticed a death yak
 16641 | Lair:3   | Killed a death yak
 16656 | Lair:3   | Killed a death yak
 16930 | Lair:3   | Found a staircase to the Snake Pit.
 17034 | Lair:3   | Reached XP level 13. HP: 84/84 MP: 13/13
 17172 | Lair:3   | Reached ***** piety under Trog
 17683 | Lair:4   | Reached skill level 14 in Axes
 18682 | Lair:4   | Noticed Nergalle
 18690 | Lair:4   | Killed Nergalle
 19237 | Lair:5   | Got a brightly glowing executioner's axe
 19238 | Lair:5   | Identified the +4 executioner's axe of Bizol {drain, +Inv rF+ MR+ Int-2} (You acquired it on level 5 of the Lair of Beasts)
 19520 | Lair:5   | Reached skill level 15 in Axes
 19836 | Lair:5   | Gained mutation: Your large and strong wings let you fly indefinitely. [Gargoyle growth]
 19836 | Lair:5   | Reached XP level 14. HP: 80/91 MP: 14/14
 20426 | Lair:6   | Entered Level 6 of the Lair of Beasts
 20804 | Lair:6   | Slain by a spiny frog

Skill      XL: |  1  2  3  4  5  6  7  8  9 10 11 12 13 14 |
---------------+-------------------------------------------+-----
Dodging        | 2 3 4 5 6 7 |  7.6
Axes           | 3 4 5 6 7 9 10 12 13 15 | 15.7
Stealth        | 1 2 3 5 6 |  6.3
Fighting       | 4 5 6 7 8 9 10 11 12 | 12.3
Armour         | 4 6 8 9 |  9.2
Evocations     | |  0.4

Action                   |  1- 3 |  4- 6 |  7- 9 | 10-12 | 13-15 || total
-------------------------+-------+-------+-------+-------+-------++-------
Melee: Hand axe          |   148 |   166 |   391 |   202 |       ||   907
       War axe           |       |       |       |   185 |       ||   185
       Broad axe         |       |       |       |   132 |       ||   132
       Battleaxe         |       |       |       |   107 |   257 ||   364
Invok: Berserk           |     3 |     3 |     9 |    15 |     8 ||    38
       Brothers in Arms  |       |       |       |     2 |     9 ||    11
 Abil: Evoke Blink       |       |       |       |     2 |       ||     2
  Use: Scroll            |       |       |    19 |    11 |     6 ||    36
       Potion            |       |       |       |       |     1 ||     1
 Stab: Sleeping          |     2 |     2 |     6 |     5 |       ||    15
       Distracted        |       |       |       |     1 |     1 ||     2
  Eat: Chunk             |     5 |    10 |    11 |    32 |     6 ||    64
       Ration            |       |       |     4 |     3 |     5 ||    12
Armor: Robe              |    69 |    60 |    64 |   106 |       ||   299
       Animal skin       |    12 |       |    26 |     5 |       ||    43
       Skin              |     2 |       |       |       |       ||     2
       Chain mail        |       |       |       |   211 |   266 ||   477
Dodge: Dodged            |   118 |   115 |   200 |   482 |   283 ||  1198
Block: Other             |       |       |       |    14 |       ||    14
